Unix NetHack Version 3.7.0-102 Work-in-progress - last build Apr 7 2024 00:22:53 (d302a6a9ff6341f1a922d8f5af178406b35fdf99,branch:master). Game began 2024-04-25 21:48:14, ended 2024-04-25 22:00:43. Ted, neutral male gnomish Wizard -------------------------------- |.........ff@..................| | ------|-----.---- -----...| ..|%%.-.-..|--|.%(|...| |..|%!.|.|..|..|.)+|...| |-------.---|..|...|...| | ---+-...........--|--|--...| |..............................|## |........{ -+-----.{..........%.## |..... |.............|## |.. -- |....---|-....|## | |.--||...|---.|#### |.|..|(!(|..|.|# # ------ -------.|..|(((|..-.| ### |....| -.......-----------.| # |...<| ................... .| ##.....+ --------------------- --- ------ Ted the Conjurer St:10 Dx:16 Co:11 In:19 Wi:12 Ch:9 Neutral S:599 Dlvl:5 $:19 HP:0(26) Pw:41(52) AC:5 Xp:4/95 T:1028 Latest messages: You succeed in unlocking the door. In what direction? k The door resists! The door resists! The door opens. You destroy the dwarf zombie! You hear a door open. The door opens. The door opens. "Hello, Ted! Welcome to Parbalingga's delicatessen!" You see here a potion of fruit juice (for sale, 67 zorkmids). You see here a tin (for sale, 8 zorkmids). You see here a potion of fruit juice (for sale, 67 zorkmids). You do not owe Parbalingga anything. You do not owe Parbalingga anything. You see here a food ration (for sale, 60 zorkmids). You hear a door open. You hear a door open. This door is locked. Unlock it with your key? [ynq] (q) y You succeed in unlocking the door. In what direction? j The door resists! The door resists! You hit the kobold mummy! You hit the kobold mummy! The kobold mummy just misses! You destroy the kobold mummy! The door resists! The door opens. You see here a mummy wrapping. You hear a door open. The lynx hits! The lynx hits again! The lynx bites! The lynx just misses! The lynx hits! The lynx bites! In what direction? h The spell hits the lynx! The lynx hits! The lynx hits again! The lynx bites! In what direction? h The spell misses the lynx. The spell misses the kitten. The lynx hits! The lynx hits again! You die... Do you want your possessions identified? [ynq] (y) q Inventory: Coins $ - 19 gold pieces Weapons p - 12 +0 darts D - a +0 elven dagger C - a +0 orcish dagger a - a blessed +1 quarterstaff (weapon in hands) Armor b - an uncursed +0 cloak of magic resistance (being worn) Comestibles o - 2 uncursed food rations q - a cursed food ration B - an uncursed fortune cookie r - an uncursed pancake Scrolls x - an uncursed scroll of confuse monster i - an uncursed scroll of destroy armor G - a cursed scroll of identify j - 2 uncursed scrolls of light s - an uncursed scroll of magic mapping y - an uncursed scroll of teleportation Spellbooks m - an uncursed spellbook of create monster l - a blessed spellbook of force bolt Potions t - a blessed potion of confusion f - an uncursed potion of fruit juice u - an uncursed potion of monster detection h - an uncursed potion of object detection F - an uncursed potion of water Rings e - an uncursed +4 ring of protection (on right hand) d - an uncursed ring of see invisible Wands c - a wand of cancellation (0:8) v - a wand of digging (0:7) Tools n - a magic marker (0:20) E - an uncursed skeleton key Gems/Stones z - an uncursed worthless piece of red glass A - an uncursed worthless piece of white glass Ted the Wizard's attributes: Background: You were a Conjurer, a level 4 male gnomish Wizard. You were neutral, nominally on a mission for Thoth who was opposed by Ptah (lawful) and Anhur (chaotic). You were right-handed. You were in the Gnomish Mines, on level 5. You entered the dungeon 1028 turns ago. It was nighttime. There was a full moon in effect when your adventure ended. You had 95 experience points, 65 more were needed to attain level 5. Your score was 599 before end-of-game adjustments. Basics: You had 0 out of 26 hit points. You had 41 out of 52 energy points (spell power). Your armor class was 5. Your wallet contained 19 zorkmids. Autopickup was on for '$"=/!?' plus thrown. Final Characteristics: Your strength was 10 (limit:18/50). Your dexterity was 16 (limit:18). Your constitution was 11 (limit:18). Your intelligence was 19 (limit:19). Your wisdom was 12 (limit:18). Your charisma was 9 (limit:18). Final Status: You weren't hungry. You were unencumbered. You were wielding a quarterstaff. You had basic skill with quarterstaff. Final Attributes: You were devoutly aligned. You were magic-protected. You were telepathic. You had infravision. You had a small defense bonus (+4). You were guarded. You were lucky. You are dead. Miscellaneous: You never encountered a bones level. Total elapsed playing time was 11 minutes and 46 seconds. Major events: Turn 1: Ted the neutral male gnomish Wizard entered the dungeon 678: entered the Gnomish Mines 784: attained the rank of Conjurer (level 3) 894: reached Mine Town 1028: killed by a lynx Vanquished creatures: a kobold mummy a floating eye a homunculus 2 dwarf zombies an iguana a hobbit a hobgoblin a gnome a gecko 2 jackals a fox 3 goblins 3 grid bugs 2 lichens 3 kobold zombies 2 newts 26 creatures vanquished. No species were genocided or became extinct. Voluntary challenges: You were an atheist. You read items or engraved 1 time. You never engraved Elbereth. You never had a pet. You never genocided any monsters. You never polymorphed an object. You never changed form. You used no wishes. Achievements: You entered the Gnomish Mines. You attained the rank of Conjurer. You entered Minetown. You entered a shop. The Dungeons of Doom: levels 1 to 3 Level 1: A grave. Level 2: Some fountains, a sink. Stairs down to The Gnomish Mines. Level 3: The Gnomish Mines: levels 3 to 5 Level 3: Level 4: Level 5: <- You were here. Some fountains. Final resting place for you, killed by a lynx. Game over: ---------- / \ / REST \ / IN \ / PEACE \ / \ | Ted | | 19 Au | | killed by a lynx | | | | | | | | 2024 | *| * * * | * _________)/\\_//(\/(/\)/\//\/|_)_______ Goodbye Ted the Wizard... You died in The Gnomish Mines on dungeon level 5 with 598 points, and 19 pieces of gold, after 1028 moves. You were level 4 with a maximum of 26 hit points when you died.